Map: Ruins of Seras

Players

CaptnMerica - Winner!

  • Race: Zerg Zerg
  • League: Master

wabbajack - Winner!

  • Race: Zerg Zerg
  • League: Silver

TimeSpiral

  • Race: Terran Terran
  • League: Silver

Kinraju

  • Race: Terran Terran
  • League: Grandmaster

VOD

Have the link to the VOD?

Description

Bane Rain!

Time

  • Played on: Aug. 25, 2015, 8:30 p.m.
  • Length: 4:45
Show
View Real Time Build Order
Export as new Build Order

CaptnMerica Zerg - Winner!

Build Orders: Pool First 

Get SALT Encoding   

  12  0:00  Drone  
  13  0:08  Drone  
  14  0:15  Drone, Extractor  
  14  0:24  Drone, Extractor  
  15  0:39  Spawning Pool  
  14  0:50  Overlord  
  14  0:53  Drone, Extractor  
  15  1:18  Drone x2  
  17  1:20  Drone  
  18  1:27  Queen  
  18  1:32  Baneling Nest  
  19  1:33  Drone  
  20  1:43  Zergling x2  
  21  1:53  Zergling x2  
  22  2:02  Pneumatized Carapace  
  22  2:14  Overlord  
  22  2:17  Hatchery, Extractor  
  22  2:20  Zergling x2  
  22  2:42  Zergling x2  
  22  2:43  Zergling x4  
  24  3:05  Zergling x6  
  25  3:08  Drone  
  25  3:09  Drone  
  29  3:17  Lair  
  29  3:30  Baneling x3  
  29  3:31  Baneling  
  29  3:42  Baneling  
  29  3:43  Drone  
  29  3:44  Drone x3  
  29  3:46  Extractor  
  32  3:51  Roach Warren, Queen  
  32  3:53  Drone  
  34  3:57  Drone  
  35  4:04  Overlord  
Show
View Real Time Build Order
Export as new Build Order

wabbajack Zerg - Winner!

Build Orders:  

Get SALT Encoding   

  12  0:01  SCV  
  13  0:13  SCV  
  14  0:20  Supply Depot  
  14  0:25  SCV  
  15  0:32  Refinery  
  15  0:42  SCV  
  16  0:50  Barracks  
  16  0:54  SCV  
  17  1:06  SCV  
  18  1:34  Command Center  
  18  1:38  SCV  
  19  1:46  Marine  
  20  1:55  Factory  
  20  2:03  SCV, Barracks  
  21  2:10  Supply Depot  
  21  2:13  Bunker, Marine  
  22  2:17  SCV  
  23  2:29  Supply Depot  
  23  2:33  Supply Depot  
  23  2:38  Marine  
  23  2:42  Widow Mine  
  25  2:55  Marine  
  25  2:58  Marine  
  27  3:05  Starport  
  27  3:12  Factory Reactor  
  27  3:21  Marine  
  27  3:23  Barracks Tech Lab  
  27  3:26  SCV  
  29  3:39  Marine  
  30  3:53  Command Center  
  30  4:00  Hellion  
  30  4:01  Hellion  
  34  4:08  Refinery  
Show
View Real Time Build Order
Export as new Build Order

TimeSpiral Terran 

Build Orders:  

Get SALT Encoding   

Show
View Real Time Build Order
Export as new Build Order

Kinraju Terran 

Build Orders:  

Get SALT Encoding   

Tags
 
Add a new tag
Caveats
  • Supply blocks, unpowered buildings, or Contaminate may cause inaccurate times.
  • Supply counts are checked every 10 seconds.